 Dungeon Crawl Stone Soup version 0.26-a0-6-g448add79b7 (webtiles) character file.

Game seed: 6184456510947655232, levelgen mode: deterministic

442017 Napalmbreeze the Slayer (level 23, -8/223 HPs)
             Began as a Minotaur Fighter on May 24, 2020.
             Was the Champion of Okawaru.
             Mangled by a titan (40 damage)
             ... on level 5 of the Vaults.
             The game lasted 02:25:03 (59958 turns).

Napalmbreeze the Slayer (Minotaur Fighter)         Turns: 59958, Time: 02:25:04

Health: -8/223     AC: 24    Str: 28    XL:     23   Next: 4%
Magic:  31/31      EV: 29    Int:  5    God:    Okawaru [******]
Gold:   4835       SH: 18    Dex: 23    Spells: 22/22 levels left

rFire    + . .     SeeInvis +   a - +5 broad axe (freeze)
rCold    + + +     Gourm    .   z - +0 kite shield {reflect}
rNeg     + + .     Faith    +   s - +4 swamp dragon scales of Fortitude {*Corrode rPois rC+++ rN+ Dex+7}
rPois    +         Spirit   .   k - +2 hat
rElec    .         Reflect  +   U - scarf {rC+ rF+}
rCorr    .         Harm     .   w - +1 pair of gloves
MR       +....                  O - +0 pair of boots {Fly}
Stlth    +.........             m - amulet of faith
HPRegen  0.47/turn              P - ring "Beod" {rC+ EV+4 Dex+3 SInv}
MPRegen  0.22/turn              C - ring of positive energy

@: marked
A: retaliatory headbutt, horns 2
}: 2/15 runes: decaying, gossamer
a: Heroism, Finesse, Renounce Religion, Evoke Flight


You were on level 5 of the Vaults.
You worshipped Okawaru.
Okawaru was exalted by your worship.
You were very hungry.

You visited 7 branches of the dungeon, and saw 39 of its levels.
You visited the Abyss 3 times.
You also visited: Ossuary and Ice Cave.

You collected 9240 gold pieces.
You spent 4405 gold pieces at shops.

Inventory:

Hand Weapons
 a - a +5 broad axe of freezing (weapon)
 b - the +11 morningstar of the Throat {vorpal, MR+}
   (You took it off a deep elf death mage on level 3 of the Elven Halls)

   It inflicts extra damage upon your enemies.
   It affects your resistance to hostile enchantments.
 G - a +4 vorpal broad axe
Armour
 k - a +2 hat (worn)
 s - the +4 swamp dragon scales of Fortitude (worn) {*Corrode rPois rC+++ rN+ Dex+7}
   (You bought it in a shop on level 2 of the Orcish Mines)

   It affects your dexterity (+7).
   It renders you almost immune to cold.
   It protects you from poison.
   It protects you from negative energy.
   It may corrode you when you take damage.
 w - a +1 pair of gloves (worn)
 z - a +0 kite shield of reflection (worn)
 H - the +3 hat of Pondering {ponderous, MR+ MP+10 Int+5}
   (You bought it in a shop on level 2 of the Orcish Mines)

   It affects your intelligence (+5).
   It affects your resistance to hostile enchantments.
   It affects your magic capacity (+10).
 O - a +0 pair of boots of flying (worn)
 U - a scarf of resistance (worn)
Jewellery
 c - an uncursed ring of resist corrosion
 m - an amulet of faith (around neck)
 C - a ring of positive energy (right hand)
 N - a +4 ring of protection
 P - the ring "Beod" (left hand) {rC+ EV+4 Dex+3 SInv}
   (You acquired it on level 2 of the Vaults)

   [ring of evasion]

   It affects your evasion (+4).
   It affects your dexterity (+3).
   It protects you from cold.
   It lets you see invisible.
 Q - an uncursed amulet of magic regeneration
 R - a +6 ring of strength
 S - an uncursed ring of poison resistance
Wands
 j - a wand of iceblast (19)
 u - a wand of acid (11)
 F - a wand of flame (52)
 I - a wand of enslavement (7)
 V - a wand of digging (8)
 Z - a wand of disintegration (12)
Scrolls
 n - 16 scrolls of teleportation
 o - 4 scrolls of holy word
 q - 9 scrolls of identify
 t - 2 scrolls of enchant weapon
 v - 12 scrolls of fear
 y - 3 scrolls of blinking
 A - 4 scrolls of fog
 B - 21 scrolls of remove curse
 E - 3 scrolls of enchant armour
 J - 4 scrolls of magic mapping
 L - a scroll of summoning
 T - a scroll of silence
Potions
 d - 2 potions of might
 e - 5 potions of lignification
 g - 6 potions of haste
 h - 3 potions of stabbing
 i - 3 potions of resistance
 l - 13 potions of curing
 r - 8 potions of ambrosia
 x - a potion of heal wounds
 D - 5 potions of brilliance
 K - 2 potions of invisibility
Miscellaneous
 M - a phial of floods
Comestibles
 f - 50 rations


   Skills:
 - Level 22.0 Fighting
 - Level 22.0 Axes
 - Level 20.0 Armour
 - Level 15.0 Dodging
 - Level 20.0 Shields
 - Level 10.0 Invocations
 + Level 12.1 Evocations


You had 22 spell levels left.
You didn't know any spells.
Your spell library contained the following spells:

 Spells                   Type           Power        Failure   Level  Hunger
 Animate Skeleton         Necr           N/A          54%         1    ##.....
 Corona                   Hex            #......      54%         1    ##.....
 Foxfire                  Conj/Fire      #...         54%         1    ##.....
 Pain                     Necr           #...         54%         1    ##.....
 Sandblast                Erth           #.....       54%         1    ##.....
 Shock                    Conj/Air       #...         54%         1    ##.....
 Summon Butterflies       Summ           #.......     54%         1    ##.....
 Corpse Rot               Necr/Air       N/A          69%         2    ###....
 Ensorcelled Hibernation  Hex/Ice        #.....       69%         2    ###....
 Passwall                 Tmut/Erth      #.......     69%         2    ###....
 Poisonous Vapours        Pois/Air       #.....       69%         2    ###....
 Slow                     Hex            #.......     69%         2    ###....
 Sublimation of Blood     Necr           #.........   69%         2    ###....
 Swiftness                Chrm/Air       #.......     69%         2    ###....
 Call Canine Familiar     Summ           #.......     89%         3    ####...
 Confusing Touch          Hex            #.......     89%         3    ####...
 Conjure Flame            Conj/Fire      #.......     89%         3    ####...
 Dazzling Flash           Conj/Hex       #.....       89%         3    ####...
 Gell's Gravitas          Tloc           #.........   89%         3    ####...
 Ignite Poison            Fire/Tmut/Pois #.......     89%         3    ####...
 Inner Flame              Hex/Fire       #.......     89%         3    ####...
 Mephitic Cloud           Conj/Pois/Air  #.......     89%         3    ####...
 Portal Projectile        Hex/Tloc       #.....       89%         3    ####...
 Static Discharge         Conj/Air       #.......     89%         3    ####...
 Stone Arrow              Conj/Erth      #.....       89%         3    ####...
 Tukima's Dance           Hex            #.......     89%         3    ####...
 Vampiric Draining        Necr           #.........   89%         3    ####...
 Animate Dead             Necr           N/A          100%        4    #####..
 Cause Fear               Hex            #.........   100%        4    #####..
 Dispel Undead            Necr           #.......     100%        4    #####..
 Leda's Liquefaction      Hex/Erth       #.........   100%        4    #####..
 Petrify                  Tmut/Erth      #.......     100%        4    #####..
 Sticky Flame             Conj/Fire      #.......     100%        4    #####..
 Summon Ice Beast         Ice/Summ       #.......     100%        4    #####..
 Summon Lightning Spire   Summ/Air       #.......     100%        4    #####..
 Agony                    Necr           #.......     100%        5    ######.
 Excruciating Wounds      Chrm/Necr      #.........   100%        5    ######.
 Fireball                 Conj/Fire      #.........   100%        5    ######.
 Lee's Rapid Deconstruct  Erth           #.........   100%        5    ######.
 Lightning Bolt           Conj/Air       #.........   100%        5    ######.
 Metabolic Englaciation   Hex/Ice        #.........   100%        5    ######.
 Silence                  Hex/Air        #.........   100%        5    ######.
 Summon Mana Viper        Hex/Summ       #.......     100%        5    ######.
 Yara's Violent Unravell  Hex/Tmut       #.........   100%        5    ######.
 Conjure Ball Lightning   Conj/Air       #.........   100%        6    #######
 Death Channel            Necr           #.........   100%        6    #######
 Dispersal                Tloc           #.........   100%        6    #######
 Freezing Cloud           Conj/Ice/Air   #.........   100%        6    #######
 Starburst                Conj/Fire      #.........   100%        6    #######
 Ring of Flames           Chrm/Fire      #.........   100%        7    #######
 Summon Hydra             Summ           #.........   100%        7    #######
 Controlled Blink         Tloc           N/A          100%        8    #######
 Discord                  Hex            #.........   100%        8    #######
 Disjunction              Tloc           #.........   100%        8    #######
 Ignition                 Fire           #.........   100%        8    #######
 Shatter                  Erth           #.........   100%        9    #######
 Tornado                  Air            #.........   100%        9    #######


Dungeon Overview and Level Annotations

Branches:
Dungeon (15/15)            Temple (0/1) D:4            Lair (6/6) D:10
  Swamp (4/4) Lair:4       Spider (4/4) Lair:3        Slime (0/5) Lair:6
    Orc (2/2) D:11            Elf (3/3) Orc:2        Vaults (5/5) D:13
  Crypt (0/3) Vaults:2     Depths (0/5) D:15        Ossuary (visited)
  IceCv (visited)

Altars:
Ashenzari
Gozag
Nemelex Xobeh
Okawaru
Qazlal
Uskayaw
Xom
Yredelemnul
Beogh
Jiyva

Shops:
D:11 [   D:14 =   Orc:2 ![:[[   Vaults:3 *

Portals:
Trove: Elf:1 (give 19 potions of curing)

Annotations:
D:2 exclusion: 2 goblins
D:14 exclusion: oklob plant
Lair:4 exclusion: 4 oklob plants


Innate Abilities, Weirdness & Mutations

You reflexively headbutt those who attack you in melee.
You have a pair of horns on your head.


Message History

You block the tengu reaver's attack.
A golden dragon comes into view.
The ogre mage mumbles some strange words.
The ogre mage seems to speed up.
The deep elf mage gestures wildly while chanting.
The deep elf mage blinks!
The deep elf mage casts a spell.
The soul eater draws from the surrounding life force!
* * * LOW HITPOINT WARNING * * *
Unknown command.
You feel much better. The titan barely misses you. You furiously retaliate!
You headbutt the titan, but do no damage.
The titan hits you!!
* * * LOW HITPOINT WARNING * * *
You block the vault guard's attack.
The tengu reaver hits you with a +0 war axe.
* * * LOW HITPOINT WARNING * * *
You block the tengu reaver's attack. The tengu reaver closely misses you.
You feel much better. The titan hits you!!!
You die...

#.)# ## #..#
# #..# .....
#.e# ..Q.
#.)# ...##
#.O# ....##
#.p# .....#.
#.C# .......
#.@###.......
#QC##).......
#ep#o..#...#.
#*.D).## ##
#3De.##
#..3...
#........
##########


You could see a shadow dragon, 2 titans, a golden dragon, a tengu reaver, 2
vault guards, a deep elf death mage, a soul eater (summoned), an ogre mage
(fast), a sun demon (summoned), 2 deep elf magi and a battlesphere.

Vanquished Creatures
  Frederick (Vaults:3)
  the Lernaean hydra (Swamp:4)
  Xtahua (Vaults:4)
  Nikola (Spider:1)
  A bone dragon (Abyss:3)
  Arachne (Spider:2)
  3 liches
  Rupert (Lair:4)
  A tentacled monstrosity (Vaults:5)
  Jorgrun (Spider:1)
  2 titans
  4 deep elf blademasters
  2 quicksilver dragons (Vaults:5)
  4 tentacled starspawn
  An acid blob (Lair:6)
  Kirke (Lair:6)
  The ghost of Zaguo the Spry, an adept MfTm of Okawaru (Spider:2)
  2 deep elf master archers (Elf:3)
  A tengu reaver (Vaults:3)
  Donald (Spider:1)
  A daeva (Abyss:3)
  A fire giant (Vaults:4)
  6 deep elf sorcerers
  2 frost giants (Vaults:5)
  Louise (Spider:4)
  4 deep elf elementalists (Elf:3)
  A ghost moth (Spider:4)
  2 orc warlords
  8 emperor scorpions
  13 vault wardens
  A war gargoyle (Vaults:5)
  11 ironheart preservers
  5 stone giants
  3 very ugly things
  9 entropy weavers
  5 deep elf demonologists (Elf:3)
  4 deep elf annihilators
  A purple draconian (Abyss:3)
  13 deep elf death magi
  6 ettins
  Snorg (Lair:6)
  2 great orbs of eyes
  10 yaktaur captains
  7 deep elf high priests (Elf:3)
  2 fire dragons
  15 ogre magi
  25 vault guards
  24 hydras
  A rakshasa (Abyss:3)
  2 ice dragons
  5 shambling mangroves
  6 centaur warriors
  5 ghost crabs
  2 death knights
  5 alligators
  2 catoblepae
  2 deep troll earth magi
  25 dancing weapons
  43 two-headed ogres
  A titan zombie (D:15)
  A deep troll shaman (Lair:6)
  10 death yaks
  4 orc high priests
  A vampire mage (D:15)
  12 thrashing horrors
  20 deep elf knights
  A sun demon (Abyss:2)
  Sonja (Lair:4)
  13 skeletal warriors
  2 shadow wraiths
  A spatial maelstrom (Abyss:3)
  A sixfirhy (Abyss:2)
  2 wretched stars
  The ghost of Xiuraod the Carver, a novice VSFi of Wu Jian (D:9)
  7 deep trolls
  2 unseen horrors
  2 glowing orange brains (Vaults:4)
  4 wizards
  A shadow demon (Abyss:3)
  6 starcursed masses (Abyss:3)
  10 swamp dragons
  A flayed ghost (Vaults:2)
  A harpy (shapeshifter) (Vaults:3)
  3 necromancers
  21 orc knights
  6 phantasmal warriors
  14 harpies
  A lindwurm (Lair:6)
  37 wolf spiders
  12 deep elf archers
  A human zombie (Vaults:2)
  13 ironbrand convokers
  19 orb spiders
  50 deep elf magi
  3 cyclopes
  31 ugly things
  6 orc sorcerers
  2 tengu skeletons (Vaults:2)
  3 worldbinders
  2 moths of wrath
  A stone giant skeleton (Vaults:2)
  2 manticores
  3 ice statues (IceCv)
  2 apocalypse crabs (Abyss:3)
  An elf zombie (D:15)
  A frost giant skeleton (Vaults:2)
  20 elephants
  A molten gargoyle (Orc:2)
  A fire giant skeleton (Vaults:2)
  2 black mambas
  16 vault sentinels
  A naga mage (Abyss:3)
  Joseph (D:8)
  2 smoke demons
  2 torpor snails (Spider:2)
  4 gargoyles
  A spriggan zombie (D:15)
  10 freezing wraiths
  2 kobold demonologists (D:14)
  A yaktaur zombie (D:15)
  3 rime drakes
  20 spiny frogs
  4 ancient zymes
  55 yaktaurs
  5 komodo dragons
  An ice devil (Abyss:3)
  11 demonic crawlers
  16 trolls
  2 efreet
  A harpy zombie (D:14)
  A jumping spider (shapeshifter) (D:15)
  2 polar bears (Lair:6)
  A queen bee (Lair:4)
  6 meliai
  46 jumping spiders
  12 bog bodies
  7 tyrant leeches
  A hornet (shapeshifter) (Vaults:4)
  A blink frog (shapeshifter) (Vaults:2)
  21 hornets
  13 raiju (Abyss:3)
  A fire giant simulacrum (Vaults:1)
  17 blink frogs
  26 slime creatures
  4 hippogriffs
  A raiju (shapeshifter) (Vaults:1)
  11 dream sheep
  An ettin zombie (Vaults:2)
  123 redbacks
  4 spriggans
  6 wyverns
  33 yaks
  A spriggan (shapeshifter) (Elf:2)
  2 water elementals (Elf:1)
  5 shadows
  An ettin skeleton (Vaults:2)
  A redback (shapeshifter) (Vaults:5)
  An air elemental (Elf:1)
  38 tarantellas
  A vampire (D:13)
  A yak (shapeshifter) (Vaults:4)
  2 fire elementals
  5 wraiths
  A chaos spawn (Abyss:2)
  3 hogs (Lair:6)
  9 vampire mosquitoes
  9 basilisks
  3 neqoxecs (Abyss:3)
  Menkaure (D:7)
  7 large abominations
  11 insubstantial wisps
  2 spatial vortices (Abyss:3)
  16 swamp worms
  4 wargs
  15 water moccasins
  4 acid dragons
  4 hell hounds (Abyss:2)
  14 porcupines
  14 swamp drakes
  41 orc warriors
  4 black bears
  An ice beast (shapeshifter) (Vaults:3)
  12 ice beasts
  5 sky beasts
  2 phantoms
  A necrophage (D:8)
  25 centaurs
  49 ogres
  14 wolves
  10 boggarts
  An orc skeleton (Vaults:2)
  A crocodile (shapeshifter) (Abyss:3)
  10 big kobolds
  6 small abominations
  20 crocodiles
  23 bullfrogs
  Blork the orc (D:5)
  5 human skeletons (Vaults:2)
  A wyvern zombie (D:8)
  4 water moccasin zombies (Ossuary)
  6 scorpions
  39 killer bees
  5 wights (D:14)
  6 crimson imps
  A bullfrog zombie (D:7)
  9 centaur zombies
  2 human simulacra
  2 howler monkeys
  A wyvern simulacrum (D:15)
  Crazy Yiuf (D:5)
  10 hounds
  A bullfrog skeleton (D:4)
  21 orc priests
  A centaur skeleton (D:8)
  6 jellies
  22 orc wizards
  5 iguanas
  2 hell rats (Lair:4)
  12 worker ants
  5 big kobold zombies (Ossuary)
  A bullfrog simulacrum (D:11)
  2 hound zombies
  2 hound skeletons
  3 mummies
  8 gnolls
  2 worker ant zombies
  15 adders
  4 shadow imps
  A white imp (Abyss:3)
  4 ufetubi
  An adder skeleton (D:5)
  13 adder zombies
  6 worms
  A dart slug (D:1)
  6 leopard geckos
  68 orcs
  9 bats
  8 giant cockroaches
  7 goblins
  13 hobgoblins
  19 jackals
  7 quokkas
  2 ball pythons (D:1)
  4 frilled lizards
  2 hobgoblin zombies (Ossuary)
  29 kobolds
  6 kobold zombies (Ossuary)
  A leopard gecko skeleton (D:5)
  A leopard gecko zombie (D:6)
  4 orc zombies (Ossuary)
  A quokka skeleton (D:8)
  9 rats
  A bush (Abyss:2)
  4 demonic plants (Abyss:2)
  7 fungi
  3 plants
  4 starspawn tentacles
2017 creatures vanquished.

Vanquished Creatures (others)
  A hydra (D:11)
  A dancing weapon (Elf:1)
  A vault sentinel (Vaults:2)
  2 redbacks (Spider:1)
  2 water elementals (Elf:1)
  4 humans (Lair:6)
  An acid dragon (D:11)
  An orc wizard (D:8)
  An adder (D:11)
  19 fungi
  17 plants
  4 starspawn tentacles
54 creatures vanquished.

Grand Total: 2071 creatures vanquished

Notes
Turn   | Place    | Note
-------+----------+-------------------------------------------
     0 | D:1      | Napalmbreeze the Minotaur Fighter began the quest for the
                  | Orb.
     0 | D:1      | Reached XP level 1. HP: 19/19 MP: 0/0
   118 | D:1      | Reached XP level 2. HP: 28/28 MP: 1/1
   343 | D:1      | Found a shimmering altar of Xom.
   399 | D:1      | Reached skill level 5 in Fighting
   452 | D:1      | Reached XP level 3. HP: 17/36 MP: 2/2
  1355 | D:2      | Reached XP level 4. HP: 42/42 MP: 3/3
  1644 | D:2      | Found an iron altar of Okawaru.
  1652 | D:2      | Became a worshipper of Warmaster Okawaru
  2068 | D:3      | Reached XP level 5. HP: 50/50 MP: 4/4
  2178 | D:3      | Found a basalt altar of Yredelemnul.
  2533 | D:3      | Found a stormy altar of Qazlal.
  2983 | D:4      | Reached skill level 5 in Axes
  2983 | D:4      | Reached XP level 6. HP: 56/58 MP: 5/5
  3180 | D:4      | Reached * piety under Okawaru
  3578 | D:4      | Found a staircase to the Ecumenical Temple.
  3679 | D:5      | Entered Level 5 of the Dungeon
  3679 | D:5      | Found a sparkling altar of Nemelex Xobeh.
  3736 | D:5      | Found a runed translucent door.
  3737 | D:5      | Noticed Crazy Yiuf
  3988 | D:5      | Reached XP level 7. HP: 59/69 MP: 6/6
  3999 | D:5      | Reached ** piety under Okawaru
  4188 | D:5      | Noticed Blork the orc
  4261 | D:5      | Killed Blork the orc
  4762 | D:5      | Reached skill level 5 in Armour
  4762 | D:5      | Reached skill level 5 in Shields
  4762 | D:5      | Reached XP level 8. HP: 70/78 MP: 7/7
  4866 | D:5      | Killed Crazy Yiuf
  4962 | D:6      | Reached *** piety under Okawaru
  5301 | D:6      | Reached skill level 1 in Dodging
  5301 | D:6      | Reached skill level 1 in Invocations
  5596 | D:6      | Found a shattered altar of Ashenzari.
  6002 | D:7      | Noticed Menkaure
  6011 | D:7      | Killed Menkaure
  6503 | D:7      | Reached XP level 9. HP: 85/85 MP: 10/10
  6625 | D:7      | Reached **** piety under Okawaru
  6715 | D:7      | Reached skill level 10 in Fighting
  7103 | D:8      | Reached skill level 5 in Invocations
  7210 | D:8      | Reached ***** piety under Okawaru
  7222 | D:8      | Noticed Joseph
  7235 | D:8      | Killed Joseph
  7235 | D:8      | Received a gift from Okawaru
  7286 | D:8      | Found a sand-covered staircase.
  7334 | Ossuary  | Entered an ossuary
  7765 | D:8      | Reached XP level 10. HP: 97/97 MP: 12/12
  7944 | D:8      | You fall into a shaft and drop 3 floors!
  8079 | D:11     | Noticed a catoblepas
  8110 | D:11     | Killed a catoblepas
  8110 | D:11     | Reached skill level 10 in Axes
  8383 | D:10     | Entered Level 10 of the Dungeon
  9068 | D:9      | Noticed a two-headed ogre
  9072 | D:9      | Killed a two-headed ogre
  9072 | D:9      | Reached skill level 5 in Dodging
  9184 | D:9      | Found a large runed translucent door.
  9184 | D:9      | Found a large runed translucent door.
  9185 | D:9      | Noticed Xiuraod's ghost (novice VSFi)
  9203 | D:9      | Killed Xiuraod's ghost
  9203 | D:9      | Received a gift from Okawaru
  9780 | D:10     | Noticed a gargoyle
  9790 | D:10     | Killed a gargoyle
  9873 | D:10     | Reached XP level 11. HP: 105/105 MP: 13/13
  9923 | D:10     | Found a staircase to the Lair.
 10484 | D:10     | Noticed a deep elf mage
 10500 | D:10     | Killed a deep elf mage
 10680 | D:11     | Noticed an eight-headed hydra
 10685 | D:11     | Noticed a great orb of eyes
 10985 | D:11     | Killed a great orb of eyes
 10985 | D:11     | Received a gift from Okawaru
 10986 | D:11     | Noticed a four-headed hydra
 11578 | D:11     | Killed a seven-headed hydra
 11592 | D:11     | Killed an eight-headed hydra
 11753 | D:11     | Found a staircase to the Orcish Mines.
 11753 | D:11     | Found Urotauti's Armour Shoppe.
 11805 | D:11     | Killed a four-headed hydra
 12287 | Lair:1   | Entered Level 1 of the Lair of Beasts
 12787 | Lair:1   | Noticed a six-headed hydra
 12796 | Lair:1   | Killed a six-headed hydra
 12796 | Lair:1   | Reached XP level 12. HP: 74/118 MP: 14/14
 13169 | Lair:1   | Received a gift from Okawaru
 13688 | Lair:2   | Received a gift from Okawaru
 13873 | Lair:2   | Reached skill level 15 in Fighting
 14847 | Lair:3   | Reached ****** piety under Okawaru
 14847 | Lair:3   | Received a gift from Okawaru
 14889 | Lair:3   | Found a frozen archway.
 15131 | IceCv    | Entered an ice cave
 15983 | IceCv    | Got ichor-stained ice dragon scales
 15994 | IceCv    | Identified the +4 ice dragon scales of the Wild Haggis {rF-
                  | rC++ Stlth+} (You found it in an ice cave)
 16085 | Lair:3   | Found a hide-covered altar of Uskayaw.
 16122 | Lair:3   | Received a gift from Okawaru
 16223 | Lair:3   | Found a hole to the Spider Nest.
 16382 | Lair:3   | Noticed a death yak
 16383 | Lair:3   | Noticed a death yak
 16394 | Lair:3   | Noticed a death yak
 16402 | Lair:3   | Killed a death yak
 16402 | Lair:3   | Reached XP level 13. HP: 126/126 MP: 14/17
 16506 | Lair:3   | Reached skill level 10 in Armour
 16506 | Lair:3   | Reached skill level 10 in Shields
 16940 | Lair:4   | Found a staircase to the Swamp.
 16942 | Lair:4   | Noticed Sonja
 16965 | Lair:3   | Received a gift from Okawaru
 17440 | Lair:3   | Got a translucent war axe {god gift}
 17441 | Lair:3   | Identified the +9 war axe of Zoruggad {vorpal, Int+4}
                  | (Okawaru gifted it to you on level 3 of the Lair of Beasts)
 17628 | Lair:4   | Received a gift from Okawaru
 17766 | Lair:4   | Received a gift from Okawaru
 17806 | Lair:4   | Killed Sonja
 17806 | Lair:4   | Reached skill level 15 in Axes
 18758 | Lair:4   | You are sucked into a shaft and drop 2 floors!
 18758 | Lair:6   | Entered Level 6 of the Lair of Beasts
 18996 | Lair:4   | Noticed Rupert
 19026 | Lair:4   | Killed Rupert
 19026 | Lair:4   | Received a gift from Okawaru
 19026 | Lair:4   | Reached XP level 14. HP: 125/138 MP: 12/19
 20727 | Lair:6   | Noticed Kirke
 20741 | Lair:6   | Killed Kirke
 20930 | Lair:6   | Noticed Snorg
 20939 | Lair:6   | Killed Snorg
 20942 | Lair:6   | Received a gift from Okawaru
 21705 | Lair:6   | Found a runed translucent door.
 21708 | Lair:6   | Noticed an acid blob
 21709 | Lair:6   | Found a viscous altar of Jiyva.
 21710 | Lair:6   | Found a staircase to the Slime Pits.
 21723 | Lair:6   | Killed an acid blob
 23641 | D:13     | Got a pair of brightly glowing boots
 23654 | D:13     | Identified the cursed +0 pair of boots of the Sailor {*Slow
                  | rF++ Int+3 Dex+8} (You found it on level 13 of the Dungeon)
 23786 | D:13     | Reached XP level 15. HP: 112/149 MP: 20/20
 23792 | D:13     | Received a gift from Okawaru
 23984 | D:13     | Identified the +0 robe of Ypuaqus {rCorr}
 24143 | D:13     | Found a gate to the Vaults.
 24900 | D:14     | Found Sidatous's Jewellery Boutique.
 25143 | D:14     | Found an opulent altar of Gozag.
 25857 | D:15     | Entered Level 15 of the Dungeon
 26343 | D:15     | Received a gift from Okawaru
 26348 | D:15     | Got a distressingly furry plate armour {god gift}
 26387 | D:15     | Identified the +1 plate armour "Duocosm" {rF+} (Okawaru
                  | gifted it to you on level 15 of the Dungeon)
 26675 | D:15     | Found a staircase to the Depths.
 27523 | Orc:1    | Entered Level 1 of the Orcish Mines
 27883 | Orc:2    | Entered Level 2 of the Orcish Mines
 28144 | Orc:2    | Received a gift from Okawaru
 28475 | Orc:2    | Got a translucent hand axe {god gift}
 28477 | Orc:2    | Identified the +11 hand axe of Insomnia {drain, Int+4
                  | Dex+3} (Okawaru gifted it to you on level 2 of the Orcish
                  | Mines)
 28699 | Orc:1    | Noticed an orc warlord
 28715 | Orc:1    | Killed an orc warlord
 29357 | Orc:1    | Found a roughly hewn altar of Beogh.
 29370 | Orc:1    | Received a gift from Okawaru
 29375 | Orc:1    | Reached XP level 16. HP: 116/162 MP: 21/21
 29384 | Orc:1    | Got a translucent scale mail {god gift}
 29396 | Orc:1    | Identified the +1 scale mail of the Eagle {rF+ rC+}
                  | (Okawaru gifted it to you on level 1 of the Orcish Mines)
 29743 | Orc:2    | Found Yfoed's Distillery.
 29751 | Orc:2    | Found a staircase to the Elven Halls.
 29866 | Orc:2    | Found Ripsil's Antique Armour Emporium.
 29896 | Orc:2    | Reached skill level 15 in Armour
 29915 | Orc:2    | Found Qigheixe's Antique Armour Boutique.
 29921 | Orc:2    | Found Cofixt's Book Emporium.
 29936 | Orc:2    | Found Emuo's Antique Armour Shoppe.
 30076 | Orc:2    | Bought ancient swamp dragon scales for 1760 gold pieces
 30086 | Orc:2    | Identified the +4 swamp dragon scales of Fortitude
                  | {*Corrode rPois rC+++ rN+ Dex+7} (You bought it in a shop
                  | on level 2 of the Orcish Mines)
 30172 | Orc:2    | Bought a potion of heal wounds for 75 gold pieces
 30172 | Orc:2    | Bought a potion of curing for 45 gold pieces
 30172 | Orc:2    | Bought a potion of might for 60 gold pieces
 30172 | Orc:2    | Bought a potion of heal wounds for 75 gold pieces
 30470 | Spider:1 | Entered Level 1 of the Spider Nest
 30508 | Spider:1 | Noticed Nikola
 30520 | Spider:1 | Killed Nikola
 30936 | Spider:1 | Received a gift from Okawaru
 31077 | Spider:1 | Noticed Jorgrun
 31099 | Spider:1 | Killed Jorgrun
 31716 | Spider:1 | Noticed Donald
 31733 | Spider:1 | Killed Donald
 32199 | Spider:2 | Noticed Arachne
 32205 | Spider:2 | Received a gift from Okawaru
 32225 | Spider:2 | Killed Arachne
 33542 | Spider:2 | Found a runed translucent gate.
 33542 | Spider:2 | Found a runed translucent gate.
 33542 | Spider:2 | Noticed Zaguo's ghost (adept MfTm)
 33543 | Spider:2 | Found a runed translucent gate.
 33599 | Spider:2 | Killed Zaguo's ghost
 33599 | Spider:2 | Reached XP level 17. HP: 127/172 MP: 22/22
 34280 | Spider:3 | Received a gift from Okawaru
 36012 | Spider:4 | Entered Level 4 of the Spider Nest
 36039 | Spider:4 | Noticed Louise
 36405 | Spider:4 | Cast into level 2 of the Abyss (Louise)
 36410 | Abyss:2  | Found a corrupted altar of Lugonu.
 36530 | Abyss:2  | Reached skill level 10 in Dodging
 36551 | Abyss:2  | Received a gift from Okawaru
 36637 | Abyss:2  | Found a corrupted altar of Lugonu.
 36676 | Spider:4 | Escaped the Abyss
 37415 | Spider:3 | Received a gift from Okawaru
 38142 | Spider:4 | Killed Louise
 38257 | Spider:4 | Received a gift from Okawaru
 38920 | Spider:4 | Reached XP level 18. HP: 184/184 MP: 16/23
 38948 | Spider:4 | Got a gossamer rune of Zot
 39631 | Swamp:1  | Entered Level 1 of the Swamp
 39888 | D:14     | Bought an uncursed ring of resist corrosion for 280 gold
                  | pieces
 41190 | Swamp:2  | Received a gift from Okawaru
 41401 | Swamp:2  | Identified a scroll of acquirement
 42521 | Swamp:4  | Entered Level 4 of the Swamp
 42909 | Swamp:4  | Received a gift from Okawaru
 43524 | Swamp:4  | Noticed the 27-headed Lernaean hydra
 43536 | Swamp:4  | Killed the 22-headed Lernaean hydra
 43540 | Swamp:4  | Got a decaying rune of Zot
 44112 | Orc:2    | Bought a runed hat for 189 gold pieces
 44133 | Orc:2    | Bought a glowing plate armour for 702 gold pieces
 44252 | Elf:1    | Entered Level 1 of the Elven Halls
 44391 | Elf:1    | Found a portal to a secret trove of treasure.
 44776 | Elf:1    | Reached XP level 19. HP: 174/191 MP: 24/24
 44778 | Elf:1    | Received a gift from Okawaru
 45226 | Elf:2    | Found a runed translucent gate.
 45245 | Elf:2    | Found a runed translucent gate.
 45246 | Elf:2    | Found a runed translucent gate.
 45509 | Elf:2    | Reached skill level 15 in Dodging
 45877 | Elf:2    | Reached skill level 15 in Shields
 46432 | Elf:2    | Received a gift from Okawaru
 47130 | Orc:2    | Bought the +3 hat of Pondering {ponderous, MR+ MP+10 Int+5}
                  | for 1219 gold pieces
 47130 | Orc:2    | Found the +3 hat of Pondering {ponderous, MR+ MP+10 Int+5}
 47232 | Elf:3    | Entered Level 3 of the Elven Halls
 48612 | Elf:3    | Received a gift from Okawaru
 48919 | Elf:3    | Cast into level 3 of the Abyss (a deep elf demonologist)
 49000 | Abyss:3  | Found a corrupted altar of Lugonu.
 49187 | Abyss:3  | Found a corrupted altar of Lugonu.
 49194 | Abyss:3  | Reached XP level 20. HP: 194/200 MP: 25/25
 49417 | Abyss:3  | Received a gift from Okawaru
 49422 | Abyss:3  | Paralysed by accursed screaming for 1 turns
 49427 | Abyss:3  | Paralysed by accursed screaming for 1 turns
 49429 | Elf:3    | Escaped the Abyss
 49771 | Elf:3    | Received a gift from Okawaru
 50245 | Elf:3    | Identified the ring of Peivopt {*Tele rPois}
 50253 | Elf:3    | Identified the +11 morningstar of the Throat {vorpal, MR+}
 50445 | Elf:3    | Identified the Tome of Evil
 50471 | Elf:3    | Identified Odwopt's Grimoire of Feathers
 51044 | Vaults:1 | Entered Level 1 of the Vaults
 51241 | Vaults:1 | Reached skill level 1 in Evocations
 52801 | Vaults:1 | Received a gift from Okawaru
 53231 | Vaults:2 | Found a staircase to the Crypt.
 53393 | Vaults:2 | Reached XP level 21. HP: 166/207 MP: 26/26
 54015 | Vaults:2 | Reached skill level 5 in Evocations
 54341 | Vaults:2 | Got the ring "Beod" {rC+ EV+4 Dex+3 SInv}
 54410 | Vaults:2 | Received a gift from Okawaru
 55152 | Vaults:3 | Noticed Frederick
 55175 | Vaults:3 | Killed Frederick
 55313 | Vaults:3 | Found Roarot's Assorted Antiques.
 55756 | Vaults:3 | Cast into level 3 of the Abyss (a deep elf sorcerer)
 56000 | Abyss:3  | Received a gift from Okawaru
 56314 | Vaults:3 | Escaped the Abyss
 56325 | Vaults:3 | Received a gift from Okawaru
 56493 | Vaults:3 | Received a gift from Okawaru
 57100 | Vaults:3 | Received a gift from Okawaru
 57108 | Vaults:3 | Reached XP level 22. HP: 201/215 MP: 27/27
 57118 | Vaults:3 | Received a gift from Okawaru
 57386 | Vaults:4 | Noticed Xtahua
 57394 | Vaults:4 | Killed Xtahua
 57933 | Vaults:4 | Received a gift from Okawaru
 58000 | Vaults:4 | Paralysed by an ogre mage for 3 turns
 58400 | Vaults:4 | Received a gift from Okawaru
 59302 | Vaults:5 | Entered Level 5 of the Vaults
 59319 | Vaults:4 | Reached skill level 10 in Evocations
 59542 | Vaults:5 | Received a gift from Okawaru
 59569 | Vaults:5 | Reached skill level 10 in Invocations
 59571 | Vaults:5 | Noticed an ancient lich
 59576 | Vaults:5 | Received a gift from Okawaru
 59651 | Vaults:5 | HP: 8/215 [shadow dragon/bolt of negative energy (10)]
 59851 | Vaults:5 | Reached XP level 23. HP: 117/223 MP: 30/30
 59956 | Vaults:5 | HP: 9/223 [soul eater/drain life[a deep elf mage] (5)]
 59958 | Vaults:5 | Mangled by a titan

Illustrated notes

Levels and vault maps discovered:
D:1:      dpeg_arrival_rooms_with_view, layout_basic, xom_teletrap_fun
D:2:      layout_basic, kennysheep_okawaru_gauntlet
D:3:      layout_rooms, marbit_many_paths, nicolae_overflow_crystal_walls
D:4:      layout_basic, minmay_temple_entry_offerings, first_ration
D:5:      minmay_chambers_of_threes, layout_basic, lemuel_crystal_altar,
          serial_park_tiny_2, kennysheep_crisscross, uniq_blork_the_orc,
          uniq_crazy_yiuf_cottage
D:6:      layout_cave_pools, nicolae_ashenzari_panopticon
D:7:      layout_loops_corners, grunt_ogre_cave, minmay_holes, st_stairs_1,
          uniq_menkaure
D:8:      layout_basic, gup_ossuary_entry_pyramid, nicolae_lava_and_water,
          uniq_joseph
D:9:      layout_basic, ebering_ghost_disaster_area
D:10:     layout_gridville, minmay_lair_entry_grove
D:11:     minmay_bloctagon, layout_long_grid, orc_david_3, st_stairs_13,
          lemuel_flame_loot_1
D:12:     layout_loops_ring
D:13:     layout_big_octagon, hangedman_vaults_entry_quadrant_bands
D:14:     layout_layer_cave, serial_shops, nicolae_shop_stone, minivault_27,
          drop_trap, lemuel_oklob_altar
D:15:     gammafunk_depths_entry_grave, layout_basic, dk_noncrumbling_3,
          minmay_misc_feat_ornament, minmay_misc_feat_cross
Lair:1:   layout_cellular_growth
Lair:2:   layout_roguey, grunt_megastairs_1
Lair:3:   layout_chaotic_city, nicolae_spider_entry_tight_spaces,
          portal_ice_cave_entry_pillars_2, basic_altar
Lair:4:   hangedman_what_comes_after_a, layout_regular_city, swamp_mist_pool,
          grunt_forest_small_clearings, grunt_forest_small_clearing_treed,
          grunt_megastairs_5, uniq_sonja, uniq_rupert
Lair:5:   layout_regular_city, serial_bayou_shore_a
Lair:6:   grunt_lair_end_beastmaster, layout_gridlike, slime_altar_2,
          lemuel_fruit_fields, lemuel_fruit_tree, grunt_megastairs_3,
          uniq_snorg, uniq_kirke
Swamp:1:  layout_basic_swamp, hangedman_swamp_cone, swamp_pool2,
          nicolae_swamp_feature_on_the_river_bank
Swamp:2:  layout_falls_marsh, infiniplex_staircase_pool, swamp_pool5
Swamp:3:  layout_basic_swamp, evilmike_swamp_ruin_house_2
Swamp:4:  grunt_swamp_rune_castle, layout_basic_swamp, swamp_pool5
Spider:1: layout_spider_delve, uniq_donald, uniq_nikola, uniq_jorgrun
Spider:2: layout_spider_delve, ebering_ghost_rock_garden, uniq_arachne
Spider:3: layout_spider_delve
Spider:4: grunt_spider_rune_circles, spiders_nest_spider_trap, uniq_louise
Orc:1:    orc_temple, layout_diamond_mine
Orc:2:    st_orc_open, layout_diamond_mine, serial_shops, shop,
          nicolae_orc_lava_tube, statue_in_the_mist_lemuel,
          nicolae_orc_damp_corner
Elf:1:    eino_elf_arrival_shootout, layout_geoelf_diagonals,
          nicolae_trove_entry_free_sample, minivault_28, grunt_ministairs_8
Elf:2:    layout_gridlike, special_room [special_room_orc]
Elf:3:    minmay_elf_hall_not_hex, layout_gridlike
Vaults:1: v_misc_2, vaults_mumra_chevron, vaults_room_semicircle,
          vaults_room_door_hall, v_misc_13, nicolae_vaults_asterisk,
          vaults_room_pool, vaults_dpeg_cross, vaults_room_semicircle,
          nicolae_vaults_display_case, layout_vaults_chaotic_city
Vaults:2: v_misc_22, nicolae_vaults_theta, minmay_crypt_entry_skeletal_spiral,
          nicolae_vaults_network_quinsquares
          [nicolae_vaults_network_quincunx_subvault,
          nicolae_vaults_network_quincunx_subvault,
          nicolae_vaults_network_quincunx_subvault,
          nicolae_vaults_network_quincunx_subvault], hangedman_vaults_nodes,
          hangedman_vaults_corner, nicolae_vaults_asterisk,
          nicolae_vaults_border_crossing, vaults_dpeg_diagonal,
          layout_vaults_omnigrid
Vaults:3: vaults_room_semicircle, v_misc_29, ontoclasm_vaults_gateway,
          hangedman_vaults_corner_blocks, serial_ice_m, vaults_mumra_hexcomb,
          vaults_room_fours, grunt_vaults_funnel, nicolae_vaults_alarming,
          v_misc_9, v_misc_8, vaults_dpeg_ring, vaults_dpeg_hooks,
          layout_vaults_omnicross, serial_shops, shop, uniq_frederick
Vaults:4: v_misc_30, hangedman_vaults_corner_blocks,
          ontoclasm_vaults_ring_small, vaults_room_door_hall,
          nicolae_vaults_network_star, nicolae_vaults_halls_meeting,
          serial_ice_g, vaults_mumra_minichess_inversion,
          vaults_mumra_chevron_long, v_misc_16, grunt_vaults_hallway_short,
          hangedman_vaults_nails, v_alt_pattern_6, layout_vaults_maze_snakey,
          uniq_xtahua
Vaults:5: serial_shops

Skill      XL: |  1  2  3  4  5  6  7  8  9 10 11 12 13 14 15 16 17 18 19 20 21 22 23 |
---------------+----------------------------------------------------------------------+-----
Fighting       | 4 5 6 8 9 11 12 14 15 16 18 20 22 | 22.0
Axes           | 3 4 5 6 7 8 11 14 15 18 19 20 21 22 | 22.0
Armour         | 5 6 7 9 10 14 15 16 17 19 20 | 20.0
Shields        | 5 6 7 9 10 13 16 17 19 20 | 20.0
Dodging        | 3 5 8 11 14 15 | 15.0
Invocations    | 2 5 7 8 10 | 10.0
Evocations     | 4 8 11 12 | 12.1

Action                   |  1- 3 |  4- 6 |  7- 9 | 10-12 | 13-15 | 16-18 | 19-21 | 22-24 || total
-------------------------+-------+-------+-------+-------+-------+-------+-------+-------++-------
Melee: War axe           |   107 |   188 |   387 |   342 |   477 |    67 |       |       ||  1568
       Headbutt          |    17 |    24 |    80 |   150 |   268 |   413 |   455 |   136 ||  1543
       Broad axe         |       |       |       |   287 |   662 |  1280 |  1369 |   361 ||  3959
       Morningstar       |       |       |       |    20 |       |       |    16 |     8 ||    44
Throw: Dart              |     2 |     1 |     5 |       |       |       |       |       ||     8
Invok: Heroism           |       |       |     2 |     8 |     8 |    15 |    12 |     4 ||    49
       Finesse           |       |       |       |       |     5 |     6 |     8 |     4 ||    23
 Abil: Stop Flying       |       |       |       |       |       |       |       |     1 ||     1
Evoke: Wand              |       |       |       |       |       |     4 |       |       ||     4
  Use: Scroll            |       |     6 |     7 |     6 |    13 |     5 |     5 |     7 ||    49
       Potion            |       |     1 |       |       |     8 |     7 |     3 |    12 ||    31
 Stab: Invisible         |       |     1 |     1 |       |       |       |       |       ||     2
       Petrified         |       |       |       |       |     7 |       |       |       ||     7
       Held in net/web   |       |       |       |       |       |     3 |       |       ||     3
       Confused          |       |       |       |       |       |     1 |       |       ||     1
       Distracted        |       |       |       |       |       |       |     1 |       ||     1
  Eat: Chunk             |     2 |     8 |    12 |    18 |    32 |    22 |    23 |     5 ||   122
       Ration            |       |       |       |     3 |     3 |     8 |     5 |     1 ||    20
Armor: Scale mail        |    59 |    63 |    33 |       |       |       |       |       ||   155
       Plate armour      |       |       |   129 |   420 |   476 |    17 |       |       ||  1042
       Swamp dragon scal |       |       |       |       |       |   602 |   229 |    78 ||   909
Dodge: Dodged            |    39 |    57 |    66 |   208 |   277 |   938 |   726 |   268 ||  2579
Block: Kite shield       |    55 |   116 |   223 |   428 |   619 |   913 |   801 |   311 ||  3466
       Reflection        |       |       |       |       |       |    19 |   105 |    16 ||   140

Table legend:
 A = Non-vault XP
 B = Vault XP
 C = Vault XP percentage of total XP
 D = Non-vault monster count
 E = Vault monster count
 F = Vault count percentage of total count
                 A         B        C        D         E       F
            +---------+---------+-------+---------+---------+-------
      Total |  464880 |  382664 |  45.1 |    1351 |     648 |  32.4
            +---------+---------+-------+---------+---------+-------
        D:1 |      58 |       3 |   4.9 |      27 |       2 |   6.9
        D:2 |     122 |       0 |   0.0 |      30 |       0 |   0.0
        D:3 |     152 |       2 |   1.3 |      25 |       1 |   3.8
        D:4 |     210 |       0 |   0.0 |      19 |       0 |   0.0
        D:5 |     612 |     343 |  35.9 |      22 |       9 |  29.0
        D:6 |     928 |       0 |   0.0 |      20 |       0 |   0.0
        D:7 |     576 |     331 |  36.5 |      12 |       3 |  20.0
        D:8 |    2002 |     457 |  18.6 |      42 |       2 |   4.5
        D:9 |    1291 |     752 |  36.8 |      10 |       1 |   9.1
       D:10 |    2314 |    1795 |  43.7 |      19 |      14 |  42.4
       D:11 |    2787 |    4261 |  60.5 |      27 |      17 |  38.6
       D:12 |    3683 |       0 |   0.0 |      27 |       0 |   0.0
       D:13 |    6973 |    3971 |  36.3 |      45 |      18 |  28.6
       D:14 |    7195 |       0 |   0.0 |      39 |       0 |   0.0
       D:15 |   15106 |    5147 |  25.4 |      35 |       8 |  18.6
     Lair:1 |    5568 |       0 |   0.0 |      23 |       0 |   0.0
     Lair:2 |    5602 |     205 |   3.5 |      27 |       2 |   6.9
     Lair:3 |    9038 |    1262 |  12.3 |      24 |       5 |  17.2
     Lair:4 |    6860 |   13569 |  66.4 |      29 |      63 |  68.5
     Lair:5 |    8279 |       0 |   0.0 |      26 |       0 |   0.0
     Lair:6 |    6223 |   17940 |  74.2 |      20 |      26 |  56.5
    Swamp:1 |    6639 |       0 |   0.0 |      14 |       0 |   0.0
    Swamp:2 |    9275 |     413 |   4.3 |      28 |       3 |   9.7
    Swamp:3 |   11837 |       0 |   0.0 |      26 |       0 |   0.0
    Swamp:4 |   11928 |   21741 |  64.6 |      31 |      33 |  51.6
   Spider:1 |   11637 |    8681 |  42.7 |      41 |       3 |   6.8
   Spider:2 |   17948 |    5659 |  24.0 |      57 |       2 |   3.4
   Spider:3 |   31259 |    1884 |   5.7 |      78 |       7 |   8.2
   Spider:4 |   18579 |   23128 |  55.5 |      56 |      41 |  42.3
      Orc:1 |    2795 |    6411 |  69.6 |      24 |      28 |  53.8
      Orc:2 |    7452 |   15689 |  67.8 |      36 |      37 |  50.7
      Elf:1 |    5310 |    9905 |  65.1 |      10 |      17 |  63.0
      Elf:2 |   22509 |   32826 |  59.3 |      32 |      50 |  61.0
      Elf:3 |   19642 |   45626 |  69.9 |      28 |      31 |  52.5
   Vaults:1 |   30393 |   12268 |  28.8 |      68 |      17 |  20.0
   Vaults:2 |   37661 |   25732 |  40.6 |      64 |      40 |  38.5
   Vaults:3 |   42751 |   21771 |  33.7 |      65 |      29 |  30.9
   Vaults:4 |   22457 |   48337 |  68.3 |      29 |      58 |  66.7
   Vaults:5 |   15504 |   48802 |  75.9 |      27 |      37 |  57.8
    Abyss:2 |   11347 |       0 |   0.0 |      25 |       0 |   0.0
    Abyss:3 |   42378 |       0 |   0.0 |      64 |       0 |   0.0
    Ossuary |       0 |     534 | 100.0 |       0 |      33 | 100.0
      IceCv |       0 |    3219 | 100.0 |       0 |      11 | 100.0
            +---------+---------+-------+---------+---------+-------
